 Dungeon Crawl Stone Soup version 0.21.1 (webtiles) character file.

30 bobthegiant the Magician (level 3, 25/25 HPs)
             Began as a Gnoll Wizard on Feb 3, 2018.
             Quit the game on level 2 of the Dungeon.
             The game lasted 00:06:26 (1303 turns).

bobthegiant the Magician (Gnoll Wizard)             Turns: 1303, Time: 00:06:27

Health: 25/25      AC:  2    Str:  9    XL:     3   Next: 20%
Magic:  11/11      EV: 14    Int: 21    God:
Gold:   109        SH:  0    Dex: 13    Spells: 11/16 levels left

rFire    . . .     SeeInvis .   h - -2 dagger (curse)
rCold    . . .     Gourm    .   (no shield)
rNeg     . . .     Faith    .   a - +0 robe
rPois    .         Spirit   .   b - +0 hat
rElec    .         Reflect  .   (no cloak)
rCorr    .         Harm     .   (no gloves)
MR       .....                  (no boots)
Stlth    +++.......             (no amulet)
HPRegen  0.08/turn              (no ring)
MPRegen  0.12/turn              (no ring)

@: no status effects
A: distributed training, fangs 1, strong nose
a: no special abilities


You were on level 2 of the Dungeon.
You were very hungry.

You visited 1 branch of the dungeon, and saw 2 of its levels.

You collected 109 gold pieces.

Inventory:

Hand Weapons
 h - a cursed -2 dagger (weapon)
 j - a +0 whip
 o - a +1 short sword of venom
Missiles
 e - 50 stones (quivered)
Armour
 a - a +0 robe (worn)
 b - a +0 hat (worn)
Scrolls
 i - a scroll of teleportation
 n - a scroll of identify
Potions
 f - a potion of curing {unknown}
 k - a potion of degeneration
 l - a potion of haste {unknown}
 m - a potion of flight {unknown}
Books
 c - a book of Minor Magic

   Spells                             Type                      Level
   a - Magic Dart                     Conjuration                  1
   b - Blink                          Translocation                2
   c - Call Imp                       Summoning                    2
   d - Slow                           Hexes                        2
   e - Conjure Flame                  Conjuration/Fire             3
   f - Mephitic Cloud                 Conjuration/Poison/Air       3
Comestibles
 d - a ration


   Skills:
 + Level 0.6 Fighting
 + Level 0.6 Short Blades
 + Level 0.6 Long Blades
 + Level 0.6 Axes
 + Level 0.6 Maces & Flails
 + Level 0.6 Polearms
 + Level 0.6 Staves
 + Level 0.6 Slings
 + Level 0.6 Bows
 + Level 0.6 Crossbows
 + Level 0.6 Throwing
 + Level 0.6 Armour
 + Level 4.5 Dodging
 + Level 4.1 Stealth
 + Level 0.6 Shields
 + Level 0.6 Unarmed Combat
 + Level 7.1 Spellcasting
 + Level 2.1 Conjurations
 + Level 0.4 Hexes
 + Level 0.4 Charms
 + Level 2.1 Summonings
 + Level 0.4 Necromancy
 + Level 2.1 Translocations
 + Level 0.4 Transmutations
 + Level 0.4 Fire Magic
 + Level 0.4 Ice Magic
 + Level 0.4 Air Magic
 + Level 0.4 Earth Magic
 + Level 0.4 Poison Magic
 + Level 0.8 Invocations
 + Level 0.6 Evocations


You had 11 spell levels left.
You knew the following spells:

 Your Spells              Type           Power        Failure   Level  Hunger
a - Magic Dart            Conj           ###.         3%          1    None
b - Blink                 Tloc           N/A          5%          2    None
c - Call Imp              Summ           ###.....     5%          2    None


Dungeon Overview and Level Annotations

Branches:
Dungeon (2/15)

Altars:

Annotations:
D:1 exclusion: 2 downstairs
D:2 Sigmund


Innate Abilities, Weirdness & Mutations

Your experience applies equally to all skills.
You have very sharp teeth.
Your uncanny sense of smell can sniff out nearby items.


Message History

You are feeling hungry.
You start resting.
Magic restored.
You start resting.
HP restored.
Press: ? - help, v - describe, . - travel A stone staircase leading down.
Placed new exclusion.
Reduced exclusion size to a single square.
(D) Dungeon
Where to? (Enter - D:2, ? - help)
You are feeling very hungry.
There is a stone staircase leading down here.
You climb downwards.
Level annotation: Sigmund A bat, a goblin and a hobgoblin come into view.
Found 8 gold pieces, a club, 18 stones and an orange potion.
A quokka comes into view.
There is a stone staircase leading up here.
Are you sure you want to abandon this character and quit the game? (Confirm with "yes".)

...........
.......#.##...##.# .....
.......#.?##..r.(##.!...
..###..# >....#.........
..# ..# ......b......##
..###..................#
.... ........g.......#
.?.# ...............
#..# .......@.......
#..###. .......g...$...
#...... ..............#
r.!..# .............##
g....# .....##....)##
.....# #...# #######
....>.. .... ....### ###
###.#


You could see a quokka (wandering), a hobgoblin (sleeping), a goblin (sleeping)
and a bat.

Vanquished Creatures
  A leopard gecko (D:2)
  A giant cockroach (D:1)
  3 goblins
  4 hobgoblins (D:1)
  6 bats (D:1)
  2 frilled lizards (D:1)
  5 kobolds
  4 rats (D:1)
26 creatures vanquished.

Vanquished Creatures (collateral kills)
  A bat (D:2)
  A hobgoblin (D:2)
  A frilled lizard (D:2)
3 creatures vanquished.

Grand Total: 29 creatures vanquished

Notes
Turn   | Place    | Note
-------+----------+-------------------------------------------
     0 | D:1      | bobthegiant the Gnoll Wizard began the quest for the Orb.
     0 | D:1      | Reached XP level 1. HP: 13/13 MP: 8/8
   165 | D:1      | Reached XP level 2. HP: 19/19 MP: 7/10
   170 | D:1      | Learned a level 2 spell: Blink
   979 | D:1      | Learned a level 2 spell: Call Imp
  1043 | D:2      | Reached XP level 3. HP: 9/25 MP: 1/11
  1103 | D:2      | Noticed Sigmund
  1303 | D:2      | Quit the game

Skill      XL: |  1 |
---------------+----+-----
Conjurations   | 2 |  2.1
Summonings     | 2 |  2.1
Translocations | 2 |  2.1
Fighting       | |  0.6
Short Blades   | |  0.6
Long Blades    | |  0.6
Axes           | |  0.6
Maces & Flails | |  0.6
Polearms       | |  0.6
Staves         | |  0.6
Slings         | |  0.6
Bows           | |  0.6
Crossbows      | |  0.6
Throwing       | |  0.6
Armour         | |  0.6
Dodging        | |  4.5
Stealth        | |  4.1
Shields        | |  0.6
Unarmed Combat | |  0.6
Spellcasting   | |  7.1
Hexes          | |  0.4
Charms         | |  0.4
Necromancy     | |  0.4
Transmutations | |  0.4
Fire Magic     | |  0.4
Ice Magic      | |  0.4
Air Magic      | |  0.4
Earth Magic    | |  0.4
Poison Magic   | |  0.4
Invocations    | |  0.8
Evocations     | |  0.6

Action                   || total
-------------------------++-------
Melee: Dagger            ||    10
       Bite              ||     1
 Cast: Magic Dart        ||    47
       Call Imp          ||     4
  Use: Scroll            ||     3
Armor: Robe              ||     4
Dodge: Dodged            ||    18
